 Dungeon Crawl Stone Soup version 0.27.0-1-g7a089689b8 (webtiles) character file.

Game seed: 4462027917187671790

48 ZombieSheep the Vandal (level 3, 0/25 HPs)
             Began as an Octopode Hunter on Aug 9, 2021.
             Succumbed to Robin's poison
             ... on level 3 of the Dungeon.
             The game lasted 00:03:06 (2089 turns).

ZombieSheep the Vandal (Octopode Hunter)            Turns: 2089, Time: 00:03:06

Health: 0/25       AC:  1    Str: 11    XL:     3   Next: 72%
Magic:  3/3        EV: 13    Int: 13    God:
Gold:   76         SH:  0    Dex: 13    Spells: 2/2 levels left

rFire    . . .     SeeInvis .   a - +2 hunting sling
rCold    . . .     Faith    .   (no shield)
rNeg     . . .     Spirit   .   (helmet restricted)
rPois    .         Reflect  .   (no amulet)
rElec    .         Harm     .   (no ring)
rCorr    .         Rampage  .   (no ring)
Will     .....                  (no ring)
Stlth    +++.......             (no ring)
HPRegen  0.08/turn              (no ring)
MPRegen  0.08/turn              (no ring)
                                (no ring)
                                (no ring)

@: brilliant, lethally poisoned (0 -> -6)
A: almost no armour, amphibious, 8 rings, camouflage 1, gelatinous body 1,
(nimble swimmer 1), tentacles
a: no special abilities


You were on level 3 of the Dungeon.
You visited 1 branch of the dungeon, and saw 3 of its levels.

You collected 76 gold pieces.

Inventory:

Hand Weapons
 a - a +2 hunting sling (weapon)
 b - a +0 short sword
 e - a +0 dagger
 g - a +0 short sword of flaming
Missiles
 c - 38 sling bullets
 d - 38 stones (quivered ammo)


   Skills:
 + Level 2.8 Fighting
 + Level 4.4 Slings
 + Level 2.7 Dodging
 - Level 1.3 Stealth


You had 2 spell levels left.
You didn't know any spells.
Your spell library contained the following spells:

 Spells                   Type           Power      Damage    Failure   Level
 Corona                   Hex            0%         N/A       30%         1
 Ensorcelled Hibernation  Hex/Ice        0%         N/A       43%         2
 Tukima's Dance           Hex            0%         N/A       67%         3


Dungeon Overview and Level Annotations

Branches:
Dungeon (3/15)

Altars:

Shops:
D:1 =   D:2 ?

Annotations:
D:3 Robin


Innate Abilities, Weirdness & Mutations

You cannot wear most types of armour.
You are amphibious.
You can wear up to eight rings at the same time.
Your skin changes colour to match your surroundings (Stealth+).
Your rubbery body absorbs attacks. (AC +1, EV +1)
((You are camouflaged near water. (Stealth+)))
You have tentacles for arms and can constrict up to eight enemies at once.


Message History

The goblin shoots a stone.
The stone hits you.
You shoot a stone. The stone hits the goblin.
You kill the goblin!
The goblin shoots a stone.
The stone hits you.
You shoot a stone. The stone hits the goblin!
You kill the goblin!
Robin of the Strong Arm comes into view.
They are wielding a +1 whip of venom.
You shoot a stone.
The stone hits Robin but does no damage.
Robin roars a battlecry!
You shoot a stone. The stone closely misses Robin.
Robin throws the goblin at you!
You shoot a stone. The stone hits the goblin.
The goblin is severely wounded.
The goblin barely misses you.
You shoot a stone. The stone closely misses the goblin.
The goblin barely misses you.
A goblin comes into view. It is wielding a +0 dagger.
Robin throws the goblin at you!
You shoot a stone. The stone hits the goblin!
You kill the goblin!
The goblin barely misses you.
You shoot a stone. The stone barely misses the goblin.
The goblin misses you.
A goblin comes into view. It is wielding a +0 dagger.
You shoot a stone. The stone closely misses Robin.
The goblin closely misses you. Robin hits you with a +1 whip of venom.
You are lethally poisoned!
You are too injured to fight recklessly!
You are too injured to fight recklessly!
You are too injured to fight recklessly!
* * * LOW HITPOINT WARNING * * *
You feel sick. The goblin hits you with a +0 dagger.
* * * LOW HITPOINT WARNING * * *
Things that are here:
a +0 club; a stone
* * * LOW HITPOINT WARNING * * *
You feel sick.
It was a potion of brilliance.
You feel clever all of a sudden.
You die...

#.#<...# #####...##
#.#....#####........#
#.#....'...'........#
#.#....#####......(.#
#.>.....# #(.......#
#######.# #........#
#.# #........# #.#
#........# #.#
#....@g..# #.#
#....g)..# #.#
#........# #.#
#######g## #.# #.#
#######.# #(#
........# #))
######### ###


You could see Robin and 2 goblins.

Vanquished Creatures
  2 worms
  A dart slug (D:3)
  2 ball pythons
  2 bats
  7 endoplasms
  A giant cockroach (D:1)
  8 goblins
  4 hobgoblins (D:1)
  4 frilled lizards
  2 kobolds (D:1)
  2 rats
35 creatures vanquished.

Notes
Turn   | Place    | Note
-------+----------+-------------------------------------------
     0 | D:1      | ZombieSheep the Octopode Hunter began the quest for the
                  | Orb.
     0 | D:1      | Reached XP level 1. HP: 14/14 MP: 1/1
   130 | D:1      | Found Qeboryus's Jewellery Emporium.
   288 | D:1      | Reached XP level 2. HP: 19/19 MP: 2/2
  1094 | D:1      | Reached XP level 3. HP: 13/25 MP: 3/3
  1282 | D:2      | Found Wekha's Magic Scroll Shoppe.
  2079 | D:3      | Noticed Robin
  2088 | D:3      | HP: 1/25 [poisoned by Robin]
  2089 | D:3      | Succumbed to Robin's poison

Illustrated notes

Levels and vault maps discovered:
D:1:      dpeg_cavernosity, layout_basic, serial_shops,
          nicolae_shop_temple_entry_statues_fountains
D:2:      layout_loops_ring, serial_shops, nicolae_square_shop
D:3:      layout_basic, uniq_robin

Action                   || total
-------------------------++-------
Melee: Short sword       ||     3
 Fire: Hunting sling     ||    96
  Use: Scroll            ||     4
       Potion            ||     1
 Stab: Sleeping          ||     1
Armor: Skin              ||     2
Dodge: Dodged            ||    26
